San Jose Sharks vs Hartford Whalers
Created - Monday, November 25, 2024 at 09:24
Goals
|
| San Jose Sharks |
0 |
1 |
0 |
1 |
| Hartford Whalers |
2 |
0 |
1 |
3 |
|
Shots
|
| San Jose Sharks |
11 |
7 |
9 |
27 |
| Hartford Whalers |
11 |
17 |
11 |
39 |
|
1st period
1. Hartford Whalers , Nick Suzuki 40 (Matt Duchene 36, Tyler Myers 17) at 6:28 (PP)
2. Hartford Whalers , T.J. Oshie 15 (Morgan Frost 22, Miles Wood 14) at 10:15
Penalties :
Pierre-Luc Dubois (SJS) for Tripping (Minor) at 6:13
2nd period
3. San Jose Sharks , Barrett Hayton 15 (Frederick Gaudreau 13, Haydn Fleury 1) at 12:44
Penalties :
Ivan Barbashev (SJS) for Holding (Minor) at 1:09, T.J. Oshie (HFD) for Tripping (Minor) at 10:19
3rd period
4. Hartford Whalers , Tyler Myers 3 (Charlie McAvoy 24, Morgan Frost 23) at 5:03
Penalties :
Sean Durzi (SJS) for Interference (Minor) at 16:23
Goalie Stats
Tristan Jarry (SJS), 36 saves from 39 shots - (0.923), L, 5-6-4, 60:00 minutes
Anton Forsberg (HFD), 26 saves from 27 shots - (0.963), W, 9-10-3, 60:00 minutes
Players Stats for San Jose Sharks
Player Name G A P +/- PIM S H SB GA TA FO MP PP MP PK MP
------------------------------------------------------------------------------------
Adam Henrique 0 0 0 -1 0 0 1 1 0 1 8/20 17:38 0:57 1:47
Anthony Mantha 0 0 0 -1 0 5 2 0 3 1 0/0 17:41 0:57 2:02
Barrett Hayton 1 0 1 1 0 5 3 0 1 0 1/3 10:57 0:00 0:46
Christian Dvorak 0 0 0 -1 0 0 0 0 0 0 1/5 12:47 0:00 0:21
Christopher Tanev 0 0 0 -2 0 0 1 2 0 2 0/0 22:29 1:03 1:30
Connor Murphy 0 0 0 0 0 0 2 2 0 1 0/0 20:35 0:00 2:25
Dmitry Orlov 0 0 0 -2 0 0 0 1 0 0 0/0 22:10 0:56 1:38
Erik Cernak 0 0 0 1 0 0 1 1 0 1 0/0 16:15 0:00 1:07
Frederick Gaudreau 0 1 1 1 0 2 0 0 0 0 0/0 9:28 0:00 0:00
Haydn Fleury 0 1 1 1 0 1 1 1 0 1 0/0 16:54 0:56 0:18
Ilya Mikheyev 0 0 0 1 0 2 0 0 1 0 1/1 10:38 0:00 0:00
Ivan Barbashev 0 0 0 0 2 5 1 0 0 1 0/1 18:05 1:02 0:04
Jonathan Drouin 0 0 0 -1 0 2 1 0 1 0 0/0 12:02 0:00 0:03
Joseph Veleno 0 0 0 0 0 1 0 1 0 0 0/0 17:49 1:02 0:00
Luke Kunin 0 0 0 -1 0 0 0 1 1 0 0/1 14:42 1:02 1:22
Pierre-Luc Dubois 0 0 0 0 2 2 0 0 0 1 12/22 17:04 0:00 0:14
Rickard Rakell 0 0 0 -1 0 2 0 1 0 0 1/4 17:44 0:57 2:05
Sean Durzi 0 0 0 0 2 0 1 1 0 2 0/0 20:46 1:03 1:10
Players Stats for Hartford Whalers
Player Name G A P +/- PIM S H SB GA TA FO MP PP MP PK MP
------------------------------------------------------------------------------------
Anthony Cirelli 0 0 0 -1 0 4 1 0 0 1 2/2 19:30 1:14 0:58
Charlie McAvoy 0 1 1 1 0 1 2 2 1 1 0/0 26:57 2:01 0:58
Jaden Schwartz 0 0 0 0 0 8 1 0 0 0 1/1 18:42 1:59 0:00
Josh Anderson 0 0 0 0 0 0 1 0 0 0 0/0 8:20 0:47 0:00
Joshua Norris 0 0 0 0 0 8 0 1 1 0 7/9 12:51 0:00 0:00
Kaiden Guhle 0 0 0 0 0 0 3 1 1 0 0/0 16:47 0:22 0:00
Matt Duchene 0 1 1 -1 0 7 0 0 4 0 0/0 23:50 1:14 1:01
Miles Wood 0 1 1 2 0 1 0 0 0 0 1/3 15:32 1:56 0:00
Morgan Frost 0 2 2 2 0 1 1 0 0 0 6/12 16:04 0:47 0:00
Nick Suzuki 1 0 1 -1 0 4 3 0 1 0 15/28 24:00 1:14 1:01
Ryan McDonagh 0 0 0 0 0 0 2 0 1 2 0/0 19:14 2:12 1:01
Ryan Suter 0 0 0 0 0 0 1 1 0 1 0/0 14:06 0:00 0:00
Samuel Girard 0 0 0 0 0 0 0 2 0 0 0/0 16:55 2:12 1:01
T.J. Oshie 1 0 1 2 2 3 0 0 1 1 0/0 15:07 0:51 0:00
Tom Wilson 0 0 0 0 0 1 2 0 1 1 1/2 19:39 1:57 0:58
Tomas Tatar 0 0 0 0 0 0 0 0 0 0 0/0 2:02 0:27 0:00
Tyler Johnson 0 0 0 0 0 0 0 0 0 0 0/0 1:59 0:13 0:00
Tyler Myers 1 1 2 1 0 1 2 2 0 0 0/0 26:25 1:39 0:58
3 Stars
1 - Tyler Myers (HFD)
2 - Anton Forsberg (HFD)
3 - Morgan Frost (HFD)
Power Play
San Jose Sharks - 0 on 1 Attempt(s) - 0.00%
Hartford Whalers - 1 on 3 Attempt(s) - 33.33%
Penalty Kill
San Jose Sharks - 2 on 3 Attempt(s) - 66.67%
- Score 0 goal in Penalty Kill
Hartford Whalers - 1 on 1 Attempt(s) - 100.00%
- Score 0 goal in Penalty Kill
Team Stat
San Jose Sharks - Hits : 14 - Faceoff Wins : 24 - Blocked Shots : 12 - Penalty Minutes : 6
Hartford Whalers - Hits : 19 - Faceoff Wins : 33 - Blocked Shots : 9 - Penalty Minutes : 2
Official
Referees : Gord Dwyer and Jean Hebert
Linesman : Justin Johnson and Devin Berg
Game Notes
Joshua Norris is injured at 2:23 of 3rd period (Sore Left Knee)
3:29 of 3rd period - San Jose Sharks goal is going for a video replay. After video review, No Goal. The puck has been kicked using a distinct kicking motion.
Finance
Level 1 -- Attendance: 5468 (54.68%) -- Ticket Income $492,120
Level 2 -- Attendance: 4687 (93.74%) -- Ticket Income $257,785
Level 3 -- Attendance: 2690 (89.67%) -- Ticket Income $80,700
Level 4 -- Attendance: 4509 (90.18%) -- Ticket Income $90,180
Luxury Box -- Attendance: 1000 (100.00%) -- Ticket Income $190,000
Game was played at the Hartford Civic Center.
Total Attendance: 18354 (76.48%)
Total Ticket Income: $1,110,785
Other Income: $388,775
Total Income: $1,499,560
San Jose Sharks
5 vs 5 Forward
Center Left Wing Right Wing Time % Phy DF OF
1 Adam Henrique Rickard Rakell Anthony Mantha 30 1 2 2
2 Pierre-Luc Dubois Joseph Veleno Ivan Barbashev 30 1 2 2
3 Christian Dvorak Jonathan Drouin Luke Kunin 25 1 2 2
4 Barrett Hayton Ilya Mikheyev Frederick Gaudreau 15 1 2 2
5 vs 5 Defense
Defense Defense Time % Phy DF OF
1 Christopher Tanev Dmitry Orlov 35 1 2 2
2 Sean Durzi Connor Murphy 35 1 2 2
3 Haydn Fleury Erik Cernak 30 1 2 2
4 Sean Durzi Christopher Tanev 0 1 2 2
PowerPlay Forward
Center Left Wing Right Wing Time % Phy DF OF
1 Adam Henrique Rickard Rakell Anthony Mantha 50 1 2 2
2 Luke Kunin Joseph Veleno Ivan Barbashev 50 1 2 2
PowerPlay Defense
Defense Defense Time % Phy DF OF
1 Christopher Tanev Sean Durzi 50 1 2 2
2 Haydn Fleury Dmitry Orlov 50 1 2 2
Penalty Kill 4 Players Forward
Center Wing Time % Phy DF OF
1 Adam Henrique Ivan Barbashev 50 1 2 2
2 Rickard Rakell Anthony Mantha 50 1 2 2
Penalty Kill 4 Players Defense
Defense Defense Time % Phy DF OF
1 Dmitry Orlov Connor Murphy 50 1 2 2
2 Christopher Tanev Sean Durzi 50 1 2 2
Penalty Kill - 3 Players Forward
Forward Time % Phy DF OF
1 Adam Henrique 50 1 2 2
2 Rickard Rakell 50 1 2 2
Penalty Kill - 3 Players Defense
Defense Defense Time % Phy DF OF
1 Christopher Tanev Dmitry Orlov 50 1 2 2
2 Sean Durzi Connor Murphy 50 1 2 2
4 vs 4 Forward
Center Wing Time % Phy DF OF
1 Adam Henrique Christian Dvorak 50 1 2 2
2 Rickard Rakell Anthony Mantha 50 1 2 2
4 vs 4 Defense
Defense Defense Time % Phy DF OF
1 Connor Murphy Dmitry Orlov 50 1 2 2
2 Sean Durzi Christopher Tanev 50 1 2 2
Last Minutes Offensive
Center Left Wing Right Wing Defense Defense
Adam Henrique Rickard Rakell Anthony Mantha Christopher Tanev Dmitry Orlov
Last Minutes Defensive
Center Left Wing Right Wing Defense Defense
Adam Henrique Rickard Rakell Anthony Mantha Christopher Tanev Dmitry Orlov
Goaltenders
Starting : Tristan Jarry
Backup : Logan Thompson
Extra Forwards
Normal : Adam Henrique, Christian Dvorak, Luke Kunin - PP : Adam Henrique, Christian Dvorak - PK : Luke Kunin
Extra Defensemen
Normal : Connor Murphy, Christopher Tanev, Sean Durzi - PP : Christopher Tanev - PK : Christopher Tanev, Sean Durzi
Penalty Shots
Adam Henrique, Christian Dvorak, Rickard Rakell, Anthony Mantha, Ivan Barbashev
Scratches
Brett Howden (Healthy), Victor Olofsson (Healthy), Mike Hoffman (Healthy), Sam Lafferty (Healthy), Clay Stevenson (Healthy)
Hartford Whalers
5 vs 5 Forward
Center Left Wing Right Wing Time % Phy DF OF
1 Nick Suzuki Anthony Cirelli Matt Duchene 30 0 2 3
2 Joshua Norris Jaden Schwartz Tom Wilson 30 0 2 3
3 Morgan Frost Miles Wood T.J. Oshie 25 1 3 1
4 Nick Suzuki Josh Anderson Matt Duchene 15 0 2 3
5 vs 5 Defense
Defense Defense Time % Phy DF OF
1 Charlie McAvoy Tyler Myers 30 1 2 2
2 Ryan McDonagh Kaiden Guhle 30 1 2 2
3 Ryan Suter Samuel Girard 25 1 2 2
4 Tyler Myers Charlie McAvoy 15 1 2 2
PowerPlay Forward
Center Left Wing Right Wing Time % Phy DF OF
1 Nick Suzuki Anthony Cirelli Matt Duchene 50 0 1 4
2 Miles Wood Jaden Schwartz Tom Wilson 50 1 1 3
PowerPlay Defense
Defense Defense Time % Phy DF OF
1 Charlie McAvoy Tyler Myers 50 1 2 2
2 Ryan McDonagh Samuel Girard 50 1 2 2
Penalty Kill 4 Players Forward
Center Wing Time % Phy DF OF
1 Nick Suzuki Matt Duchene 50 1 2 2
2 Anthony Cirelli Tom Wilson 50 1 2 2
Penalty Kill 4 Players Defense
Defense Defense Time % Phy DF OF
1 Charlie McAvoy Tyler Myers 50 1 2 2
2 Ryan McDonagh Samuel Girard 50 1 2 2
Penalty Kill - 3 Players Forward
Forward Time % Phy DF OF
1 Nick Suzuki 50 0 5 0
2 Miles Wood 50 1 4 0
Penalty Kill - 3 Players Defense
Defense Defense Time % Phy DF OF
1 Charlie McAvoy Tyler Myers 50 1 4 0
2 Ryan McDonagh Samuel Girard 50 1 4 0
4 vs 4 Forward
Center Wing Time % Phy DF OF
1 Nick Suzuki Matt Duchene 50 1 2 2
2 Anthony Cirelli Tom Wilson 50 1 2 2
4 vs 4 Defense
Defense Defense Time % Phy DF OF
1 Charlie McAvoy Tyler Myers 50 1 2 2
2 Ryan McDonagh Ryan Suter 50 1 2 2
Last Minutes Offensive
Center Left Wing Right Wing Defense Defense
Nick Suzuki Anthony Cirelli Matt Duchene Charlie McAvoy Tyler Myers
Last Minutes Defensive
Center Left Wing Right Wing Defense Defense
Nick Suzuki Anthony Cirelli Matt Duchene Charlie McAvoy Tyler Myers
Goaltenders
Starting : Anton Forsberg
Backup : Mitchell Weeks
Extra Forwards
Normal : Morgan Frost, T.J. Oshie, Miles Wood - PP : Morgan Frost, T.J. Oshie - PK : Miles Wood
Extra Defensemen
Normal : Charlie McAvoy, Samuel Girard, Tyler Myers - PP : Tyler Myers - PK : Ryan McDonagh, Tyler Myers
Penalty Shots
Nick Suzuki, Matt Duchene, Anthony Cirelli, Tom Wilson, T.J. Oshie
Scratches
Dante Fabbro (Healthy), Spencer Knight (Left Foot Injury)
% Time on Ice - San Jose Sharks
Lines # - Real PCT - Wanted PCT - Time Play
Normal Forward
1 - 29% - 30% - 15:47
2 - 32% - 30% - 17:15
3 - 21% - 25% - 11:18
4 - 18% - 15% - 9:28
Normal Defense
1 - 37% - 35% - 19:40
2 - 34% - 35% - 18:28
3 - 29% - 30% - 15:40
4 - 0% - 0% - 0:00
PP Forward
1 - 48% - 50% - 0:57
2 - 52% - 50% - 1:02
PP Defense
1 - 53% - 50% - 1:03
2 - 47% - 50% - 0:56
PK Forward
1 - 25% - 50% - 1:04
2 - 75% - 50% - 3:09
PK Defense
1 - 25% - 50% - 1:04
2 - 75% - 50% - 3:09
PK3 Forward
1 - 0% - 50%
2 - 0% - 50%
PK3 Defense
1 - 0% - 50%
2 - 0% - 50%
44 Forward
1 - 0% - 50%
2 - 0% - 50%
44 Defense
1 - 0% - 50%
2 - 0% - 50%
Last Minute Offensive - 0:00
Last Minute Defensive - 0:00
Total
Forward - 60:00
Defense - 60:00
|
% Time on Ice - Hartford Whalers
Lines # - Real PCT - Wanted PCT - Time Play
Normal Forward
1 - 31% - 30% - 16:50
2 - 34% - 30% - 18:25
3 - 24% - 25% - 12:46
4 - 11% - 15% - 5:47
Normal Defense
1 - 32% - 30% - 17:14
2 - 30% - 30% - 15:59
3 - 26% - 25% - 14:04
4 - 12% - 15% - 6:31
PP Forward
1 - 29% - 50% - 1:14
2 - 71% - 50% - 2:59
PP Defense
1 - 48% - 50% - 2:01
2 - 52% - 50% - 2:12
PK Forward
1 - 51% - 50% - 1:01
2 - 49% - 50% - 0:58
PK Defense
1 - 49% - 50% - 0:58
2 - 51% - 50% - 1:01
PK3 Forward
1 - 0% - 50%
2 - 0% - 50%
PK3 Defense
1 - 0% - 50%
2 - 0% - 50%
44 Forward
1 - 0% - 50%
2 - 0% - 50%
44 Defense
1 - 0% - 50%
2 - 0% - 50%
Last Minute Offensive - 0:00
Last Minute Defensive - 0:00
Total
Forward - 60:00
Defense - 60:00
|
Play-by-Play
1st period
0:01 of 1st period - Nick Suzuki wins face-off versus Adam Henrique in neutral zone.
0:48 of 1st period - Snap shot by Miles Wood.
0:48 of 1st period - Shot Misses the Net.
0:50 of 1st period - Slapshot by Charlie McAvoy.
0:50 of 1st period - Stopped by Tristan Jarry with a rebound.
1:24 of 1st period - Connor Murphy is hit by Kaiden Guhle and loses puck.
2:11 of 1st period - Wrist shot by Anthony Mantha.
2:11 of 1st period - Stopped by Anton Forsberg with a rebound.
3:56 of 1st period - Snap shot by Anthony Mantha.
3:56 of 1st period - Shot Misses the Net.
3:58 of 1st period - Snap shot by Adam Henrique.
3:58 of 1st period - Shot Blocked by Tyler Myers.
4:00 of 1st period - Slapshot by Christopher Tanev.
4:00 of 1st period - Shot Blocked by Tyler Myers.
4:02 of 1st period - Snap shot by Adam Henrique.
4:02 of 1st period - Shot Misses the Net.
4:04 of 1st period - Slapshot by Christopher Tanev.
4:04 of 1st period - Shot Blocked by Charlie McAvoy.
4:06 of 1st period - Snap shot by Adam Henrique.
4:06 of 1st period - Shot Misses the Net.
4:20 of 1st period - Slapshot by Jonathan Drouin.
4:20 of 1st period - Stopped by Anton Forsberg with a rebound.
4:53 of 1st period - Slapshot by Joshua Norris.
4:53 of 1st period - Shot Blocked by Haydn Fleury.
5:01 of 1st period - Snap shot by Joshua Norris.
5:01 of 1st period - Stopped by Tristan Jarry with a rebound.
5:03 of 1st period - Slapshot by Ryan Suter.
5:03 of 1st period - Shot Misses the Net.
5:41 of 1st period - Snap shot by Joshua Norris.
5:41 of 1st period - Shot Blocked by Erik Cernak.
5:43 of 1st period - Slapshot by Ryan Suter.
5:43 of 1st period - Shot Misses the Net.
5:45 of 1st period - Wrist shot by Jaden Schwartz.
5:45 of 1st period - Shot Misses the Net.
5:47 of 1st period - Snap shot by Jaden Schwartz.
5:47 of 1st period - Shot Misses the Net.
5:49 of 1st period - Wrist shot by Joshua Norris.
5:49 of 1st period - Stopped by Tristan Jarry with a rebound.
5:51 of 1st period - Slapshot by Tyler Myers.
5:51 of 1st period - Shot Misses the Net.
5:53 of 1st period - Wrist shot by Joshua Norris.
5:53 of 1st period - Shot Misses the Net.
5:55 of 1st period - Slapshot by Joshua Norris.
5:55 of 1st period - Stopped by Tristan Jarry without a rebound.
5:56 of 1st period - Nick Suzuki wins face-off versus Pierre-Luc Dubois in San Jose Sharks zone.
6:09 of 1st period - Slapshot by Nick Suzuki.
6:09 of 1st period - Stopped by Tristan Jarry with a rebound.
6:11 of 1st period - Snap shot by Anthony Cirelli.
6:11 of 1st period - Shot Misses the Net.
6:13 of 1st period - Minor Penalty to Pierre-Luc Dubois for Tripping.
6:14 of 1st period - Adam Henrique wins face-off versus Nick Suzuki in San Jose Sharks zone.
6:14 of 1st period - Adam Henrique is hit by Charlie McAvoy.
6:28 of 1st period - Snap shot by Nick Suzuki.
6:28 of 1st period - Goal by Nick Suzuki - San Jose Sharks : 0 - Hartford Whalers : 1.
6:29 of 1st period - Nick Suzuki wins face-off versus Adam Henrique in neutral zone.
6:32 of 1st period - Wrist shot by Nick Suzuki.
6:32 of 1st period - Shot Blocked by Dmitry Orlov.
6:44 of 1st period - Snap shot by Matt Duchene.
6:44 of 1st period - Stopped by Tristan Jarry with a rebound.
7:12 of 1st period - Snap shot by Anthony Mantha.
7:12 of 1st period - Stopped by Anton Forsberg without a rebound.
7:13 of 1st period - Pierre-Luc Dubois wins face-off versus Nick Suzuki in Hartford Whalers zone.
7:26 of 1st period - Wrist shot by Ivan Barbashev.
7:26 of 1st period - Stopped by Anton Forsberg with a rebound.
8:31 of 1st period - Kaiden Guhle is hit by Anthony Mantha and loses puck.
8:59 of 1st period - Wrist shot by Nick Suzuki.
8:59 of 1st period - Shot Misses the Net.
9:01 of 1st period - Slapshot by Kaiden Guhle.
9:01 of 1st period - Shot Misses the Net.
9:22 of 1st period - Icing by Connor Murphy.
9:23 of 1st period - Morgan Frost wins face-off versus Christian Dvorak in San Jose Sharks zone.
9:24 of 1st period - Slapshot by T.J. Oshie.
9:24 of 1st period - Shot Blocked by Luke Kunin.
9:26 of 1st period - Wrist shot by Morgan Frost.
9:26 of 1st period - Shot Blocked by Sean Durzi.
9:28 of 1st period - Slapshot by T.J. Oshie.
9:28 of 1st period - Shot Misses the Net.
9:30 of 1st period - Wrist shot by Miles Wood.
9:30 of 1st period - Stopped by Tristan Jarry without a rebound.
9:31 of 1st period - Morgan Frost wins face-off versus Pierre-Luc Dubois in San Jose Sharks zone.
10:15 of 1st period - Snap shot by T.J. Oshie.
10:15 of 1st period - Goal by T.J. Oshie - San Jose Sharks : 0 - Hartford Whalers : 2.
10:16 of 1st period - Nick Suzuki wins face-off versus Pierre-Luc Dubois in neutral zone.
10:32 of 1st period - Wrist shot by Pierre-Luc Dubois.
10:32 of 1st period - Shot Misses the Net.
11:25 of 1st period - Wrist shot by Nick Suzuki.
11:25 of 1st period - Shot Misses the Net.
11:27 of 1st period - Slapshot by Matt Duchene.
11:27 of 1st period - Shot Misses the Net.
11:29 of 1st period - Slapshot by Nick Suzuki.
11:29 of 1st period - Shot Misses the Net.
11:38 of 1st period - Off-side.
11:39 of 1st period - Pierre-Luc Dubois wins face-off versus Joshua Norris in neutral zone.
11:46 of 1st period - Snap shot by Pierre-Luc Dubois.
11:46 of 1st period - Stopped by Anton Forsberg without a rebound.
11:47 of 1st period - Pierre-Luc Dubois wins face-off versus Nick Suzuki in Hartford Whalers zone.
13:04 of 1st period - Wrist shot by Pierre-Luc Dubois.
13:04 of 1st period - Shot Misses the Net.
13:14 of 1st period - Barrett Hayton is hit by Kaiden Guhle and loses puck.
13:23 of 1st period - Slapshot by Erik Cernak.
13:23 of 1st period - Deflect By Barrett Hayton.
13:23 of 1st period - Stopped by Anton Forsberg with a rebound.
13:59 of 1st period - Snap shot by T.J. Oshie.
13:59 of 1st period - Shot Misses the Net.
14:21 of 1st period - Snap shot by Nick Suzuki.
14:21 of 1st period - Shot Misses the Net.
14:33 of 1st period - Haydn Fleury is hit by Charlie McAvoy and loses puck.
15:05 of 1st period - Icing by Joshua Norris.
15:06 of 1st period - Ilya Mikheyev wins face-off versus Tom Wilson in Hartford Whalers zone.
15:07 of 1st period - Wrist shot by Barrett Hayton.
15:07 of 1st period - Stopped by Anton Forsberg without a rebound.
15:08 of 1st period - Jaden Schwartz wins face-off versus Barrett Hayton in Hartford Whalers zone.
15:13 of 1st period - Christopher Tanev is hit by Tyler Myers and loses puck.
15:34 of 1st period - Snap shot by Barrett Hayton.
15:34 of 1st period - Stopped by Anton Forsberg with a rebound.
16:04 of 1st period - Snap shot by Anthony Mantha.
16:04 of 1st period - Stopped by Anton Forsberg with a rebound.
16:16 of 1st period - Backhand shot by Joshua Norris.
16:16 of 1st period - Stopped by Tristan Jarry with a rebound.
16:34 of 1st period - Tyler Myers is hit by Barrett Hayton and loses puck.
16:45 of 1st period - Snap shot by Barrett Hayton.
16:45 of 1st period - Deflect By Ilya Mikheyev.
16:45 of 1st period - Deflect By Charlie McAvoy.
16:45 of 1st period - Stopped by Anton Forsberg without a rebound.
16:46 of 1st period - Pierre-Luc Dubois wins face-off versus Morgan Frost in Hartford Whalers zone.
17:11 of 1st period - Matt Duchene is hit by Jonathan Drouin and loses puck.
17:18 of 1st period - Wrist shot by Christian Dvorak.
17:18 of 1st period - Shot Misses the Net.
17:23 of 1st period - Off-side.
17:24 of 1st period - Adam Henrique wins face-off versus Joshua Norris in neutral zone.
17:28 of 1st period - Off-side.
17:29 of 1st period - Joshua Norris wins face-off versus Adam Henrique in neutral zone.
17:32 of 1st period - Wrist shot by Joshua Norris.
17:32 of 1st period - Shot Misses the Net.
17:34 of 1st period - Wrist shot by Joshua Norris.
17:34 of 1st period - Shot Misses the Net.
18:04 of 1st period - Snap shot by Rickard Rakell.
18:04 of 1st period - Shot Blocked by Samuel Girard.
18:06 of 1st period - Snap shot by Anthony Mantha.
18:06 of 1st period - Stopped by Anton Forsberg without a rebound.
18:07 of 1st period - Pierre-Luc Dubois wins face-off versus Nick Suzuki in Hartford Whalers zone.
18:43 of 1st period - Slapshot by Tyler Myers.
18:43 of 1st period - Shot Blocked by Connor Murphy.
18:45 of 1st period - Wrist shot by Jaden Schwartz.
18:45 of 1st period - Stopped by Tristan Jarry without a rebound.
18:46 of 1st period - Joshua Norris wins face-off versus Adam Henrique in San Jose Sharks zone.
18:51 of 1st period - Snap shot by Joshua Norris.
18:51 of 1st period - Shot Blocked by Adam Henrique.
19:13 of 1st period - Joseph Veleno is hit by Anthony Cirelli and loses puck.
19:54 of 1st period - Jonathan Drouin is hit by Jaden Schwartz.
Goals for this period are 0 for San Jose Sharks vs 2 for Hartford Whalers.
Shots for this period are 11 for San Jose Sharks vs 11 for Hartford Whalers.
2nd period
0:01 of 2nd period - Pierre-Luc Dubois wins face-off versus Nick Suzuki in neutral zone.
0:03 of 2nd period - Off-side.
0:04 of 2nd period - Pierre-Luc Dubois wins face-off versus Nick Suzuki in neutral zone.
0:11 of 2nd period - Slapshot by Pierre-Luc Dubois.
0:11 of 2nd period - Deflect By Ivan Barbashev.
0:11 of 2nd period - Stopped by Anton Forsberg with a rebound.
0:17 of 2nd period - Slapshot by Charlie McAvoy.
0:17 of 2nd period - Shot Blocked by Joseph Veleno.
1:04 of 2nd period - Wrist shot by Joshua Norris.
1:04 of 2nd period - Stopped by Tristan Jarry with a rebound.
1:06 of 2nd period - Wrist shot by Jaden Schwartz.
1:06 of 2nd period - Deflect By Joshua Norris.
1:06 of 2nd period - Shot Misses the Net.
1:06 of 2nd period - Puck is out of play.
1:07 of 2nd period - Pierre-Luc Dubois wins face-off versus Nick Suzuki in San Jose Sharks zone.
1:09 of 2nd period - Minor Penalty to Ivan Barbashev for Holding.
1:10 of 2nd period - Adam Henrique wins face-off versus Miles Wood in San Jose Sharks zone.
1:42 of 2nd period - Wrist shot by Matt Duchene.
1:42 of 2nd period - Stopped by Tristan Jarry without a rebound.
1:43 of 2nd period - Adam Henrique wins face-off versus Nick Suzuki in San Jose Sharks zone.
1:43 of 2nd period - Adam Henrique is hit by Nick Suzuki.
2:09 of 2nd period - Miles Wood is hit by Anthony Mantha and loses puck.
2:56 of 2nd period - Rickard Rakell is hit by Nick Suzuki and loses puck.
3:09 of 2nd period - Penalty to Ivan Barbashev is over, Ivan Barbashev is back on ice.
3:15 of 2nd period - Backhand shot by T.J. Oshie.
3:15 of 2nd period - Stopped by Tristan Jarry with a rebound.
3:33 of 2nd period - Snap shot by Barrett Hayton.
3:33 of 2nd period - Stopped by Anton Forsberg without a rebound.
3:34 of 2nd period - Pierre-Luc Dubois wins face-off versus Morgan Frost in Hartford Whalers zone.
3:35 of 2nd period - Slapshot by Joseph Veleno.
3:35 of 2nd period - Stopped by Anton Forsberg without a rebound.
3:36 of 2nd period - Pierre-Luc Dubois wins face-off versus Morgan Frost in Hartford Whalers zone.
5:21 of 2nd period - Jonathan Drouin is hit by Ryan Suter and loses puck.
5:46 of 2nd period - Sean Durzi is hit by Morgan Frost and loses puck.
6:37 of 2nd period - Sean Durzi is hit by Tom Wilson and loses puck.
6:44 of 2nd period - Tom Wilson is hit by Adam Henrique and loses puck.
7:07 of 2nd period - Wrist shot by Ilya Mikheyev.
7:07 of 2nd period - Stopped by Anton Forsberg with a rebound.
8:03 of 2nd period - Kaiden Guhle is hit by Christopher Tanev and loses puck.
8:08 of 2nd period - Wrist shot by Pierre-Luc Dubois.
8:08 of 2nd period - Shot Blocked by Kaiden Guhle.
9:29 of 2nd period - Icing by Sean Durzi.
9:30 of 2nd period - Joshua Norris wins face-off versus Ivan Barbashev in San Jose Sharks zone.
9:31 of 2nd period - Wrist shot by Jaden Schwartz.
9:31 of 2nd period - Stopped by Tristan Jarry without a rebound.
9:32 of 2nd period - Tom Wilson wins face-off versus Adam Henrique in San Jose Sharks zone.
9:39 of 2nd period - Backhand shot by Joshua Norris.
9:39 of 2nd period - Deflect By Jaden Schwartz.
9:39 of 2nd period - Stopped by Tristan Jarry with a rebound.
9:41 of 2nd period - Wrist shot by Jaden Schwartz.
9:41 of 2nd period - Stopped by Tristan Jarry with a rebound.
10:06 of 2nd period - Slapshot by Matt Duchene.
10:06 of 2nd period - Stopped by Tristan Jarry with a rebound.
10:08 of 2nd period - Wrist shot by Nick Suzuki.
10:08 of 2nd period - Shot Misses the Net.
10:19 of 2nd period - Minor Penalty to T.J. Oshie for Tripping.
10:20 of 2nd period - Adam Henrique wins face-off versus Nick Suzuki in Hartford Whalers zone.
10:29 of 2nd period - Off-side.
10:30 of 2nd period - Anthony Cirelli wins face-off versus Adam Henrique in neutral zone.
10:40 of 2nd period - Off-side.
10:41 of 2nd period - Nick Suzuki wins face-off versus Luke Kunin in neutral zone.
11:08 of 2nd period - Wrist shot by Anthony Cirelli.
11:08 of 2nd period - Stopped by Tristan Jarry with a rebound.
11:34 of 2nd period - Slapshot by Anthony Mantha.
11:34 of 2nd period - Shot Misses the Net.
11:36 of 2nd period - Slapshot by Haydn Fleury.
11:36 of 2nd period - Stopped by Anton Forsberg without a rebound.
11:37 of 2nd period - Anthony Cirelli wins face-off versus Rickard Rakell in Hartford Whalers zone.
12:19 of 2nd period - Penalty to T.J. Oshie is over, T.J. Oshie is back on ice.
12:36 of 2nd period - Slapshot by Sean Durzi.
12:36 of 2nd period - Deflect By Ilya Mikheyev.
12:36 of 2nd period - Shot Misses the Net.
12:36 of 2nd period - Puck is out of play.
12:37 of 2nd period - Barrett Hayton wins face-off versus Nick Suzuki in Hartford Whalers zone.
12:38 of 2nd period - Wrist shot by Ilya Mikheyev.
12:38 of 2nd period - Shot Blocked by Ryan Suter.
12:40 of 2nd period - Slapshot by Erik Cernak.
12:40 of 2nd period - Shot Blocked by Samuel Girard.
12:42 of 2nd period - Slapshot by Haydn Fleury.
12:42 of 2nd period - Shot Misses the Net.
12:44 of 2nd period - Snap shot by Frederick Gaudreau.
12:44 of 2nd period - Deflect By Barrett Hayton.
12:44 of 2nd period - Goal by Barrett Hayton - San Jose Sharks : 1 - Hartford Whalers : 2.
12:45 of 2nd period - Nick Suzuki wins face-off versus Adam Henrique in neutral zone.
13:16 of 2nd period - Ivan Barbashev is hit by Tom Wilson and loses puck.
13:23 of 2nd period - Slapshot by Connor Murphy.
13:23 of 2nd period - Shot Blocked by Charlie McAvoy.
13:25 of 2nd period - Snap shot by Ivan Barbashev.
13:25 of 2nd period - Shot Misses the Net.
13:43 of 2nd period - Snap shot by T.J. Oshie.
13:43 of 2nd period - Stopped by Tristan Jarry without a rebound.
13:44 of 2nd period - Adam Henrique wins face-off versus Nick Suzuki in San Jose Sharks zone.
13:53 of 2nd period - Wrist shot by Matt Duchene.
13:53 of 2nd period - Stopped by Tristan Jarry with a rebound.
13:55 of 2nd period - Snap shot by Matt Duchene.
13:55 of 2nd period - Shot Blocked by Rickard Rakell.
13:57 of 2nd period - Wrist shot by Nick Suzuki.
13:57 of 2nd period - Stopped by Tristan Jarry with a rebound.
14:12 of 2nd period - Icing by Pierre-Luc Dubois.
14:13 of 2nd period - Joshua Norris wins face-off versus Pierre-Luc Dubois in San Jose Sharks zone.
14:22 of 2nd period - Wrist shot by Jaden Schwartz.
14:22 of 2nd period - Deflect By Joshua Norris.
14:22 of 2nd period - Stopped by Tristan Jarry with a rebound.
14:26 of 2nd period - Slapshot by Joshua Norris.
14:26 of 2nd period - Stopped by Tristan Jarry without a rebound.
14:27 of 2nd period - Nick Suzuki wins face-off versus Christian Dvorak in San Jose Sharks zone.
14:28 of 2nd period - Snap shot by Anthony Cirelli.
14:28 of 2nd period - Stopped by Tristan Jarry without a rebound.
14:29 of 2nd period - Nick Suzuki wins face-off versus Christian Dvorak in San Jose Sharks zone.
14:44 of 2nd period - Slapshot by Nick Suzuki.
14:44 of 2nd period - Shot Misses the Net.
15:02 of 2nd period - Slapshot by Sean Durzi.
15:02 of 2nd period - Shot Misses the Net.
15:24 of 2nd period - Wrist shot by Anthony Mantha.
15:24 of 2nd period - Stopped by Anton Forsberg with a rebound.
15:42 of 2nd period - Christopher Tanev is hit by Kaiden Guhle and loses puck.
16:50 of 2nd period - Snap shot by Barrett Hayton.
16:50 of 2nd period - Shot Misses the Net.
17:09 of 2nd period - Icing by Erik Cernak.
17:10 of 2nd period - Joshua Norris wins face-off versus Rickard Rakell in San Jose Sharks zone.
18:31 of 2nd period - Off-side.
18:32 of 2nd period - Joshua Norris wins face-off versus Adam Henrique in neutral zone.
18:39 of 2nd period - Wrist shot by Joshua Norris.
18:39 of 2nd period - Stopped by Tristan Jarry with a rebound.
18:43 of 2nd period - Wrist shot by Tom Wilson.
18:43 of 2nd period - Shot Misses the Net.
18:45 of 2nd period - Wrist shot by Joshua Norris.
18:45 of 2nd period - Shot Misses the Net.
18:57 of 2nd period - Wrist shot by Jaden Schwartz.
18:57 of 2nd period - Shot Misses the Net.
19:07 of 2nd period - Snap shot by Jaden Schwartz.
19:07 of 2nd period - Stopped by Tristan Jarry without a rebound.
19:08 of 2nd period - Nick Suzuki wins face-off versus Pierre-Luc Dubois in San Jose Sharks zone.
19:27 of 2nd period - Matt Duchene is hit by Erik Cernak and loses puck.
19:40 of 2nd period - Off-side.
19:41 of 2nd period - Joshua Norris wins face-off versus Christian Dvorak in neutral zone.
19:50 of 2nd period - Snap shot by Jaden Schwartz.
19:50 of 2nd period - Stopped by Tristan Jarry with a rebound.
19:54 of 2nd period - Wrist shot by Joshua Norris.
19:54 of 2nd period - Shot Blocked by Connor Murphy.
Goals for this period are 1 for San Jose Sharks vs 0 for Hartford Whalers.
Shots for this period are 7 for San Jose Sharks vs 17 for Hartford Whalers.
3rd period
0:01 of 3rd period - Nick Suzuki wins face-off versus Pierre-Luc Dubois in neutral zone.
0:09 of 3rd period - Off-side.
0:10 of 3rd period - Nick Suzuki wins face-off versus Pierre-Luc Dubois in neutral zone.
0:29 of 3rd period - Snap shot by Anthony Cirelli.
0:29 of 3rd period - Stopped by Tristan Jarry without a rebound.
0:30 of 3rd period - Miles Wood wins face-off versus Rickard Rakell in San Jose Sharks zone.
0:33 of 3rd period - Snap shot by Morgan Frost.
0:33 of 3rd period - Deflect By Miles Wood.
0:33 of 3rd period - Shot Misses the Net.
0:33 of 3rd period - Puck is out of play.
0:34 of 3rd period - Morgan Frost wins face-off versus Adam Henrique in San Jose Sharks zone.
1:47 of 3rd period - Snap shot by Morgan Frost.
1:47 of 3rd period - Stopped by Tristan Jarry without a rebound.
1:48 of 3rd period - Adam Henrique wins face-off versus Nick Suzuki in San Jose Sharks zone.
2:23 of 3rd period - Wrist shot by Jonathan Drouin.
2:23 of 3rd period - Shot Blocked by Joshua Norris.
2:23 of 3rd period - Joshua Norris from Hartford Whalers is injured at 2:23 of 3rd period (Sore Left Knee).
2:24 of 3rd period - Pierre-Luc Dubois wins face-off versus Nick Suzuki in Hartford Whalers zone.
2:52 of 3rd period - Snap shot by Jonathan Drouin.
2:52 of 3rd period - Shot Misses the Net.
3:12 of 3rd period - Sean Durzi is hit by Tyler Myers and loses puck.
3:27 of 3rd period - Wrist shot by Barrett Hayton.
3:27 of 3rd period - Shot Misses the Net.
3:29 of 3rd period - Wrist shot by Frederick Gaudreau.
3:29 of 3rd period - San Jose Sharks goal is going for a video replay.
3:29 of 3rd period - The goal is refused. The puck has been kicked using a distinct kicking motion..
3:30 of 3rd period - Nick Suzuki wins face-off versus Barrett Hayton in Hartford Whalers zone.
3:37 of 3rd period - Erik Cernak is hit by Ryan McDonagh and loses puck.
3:56 of 3rd period - Josh Anderson is hit by Haydn Fleury and loses puck.
4:03 of 3rd period - Snap shot by Frederick Gaudreau.
4:03 of 3rd period - Stopped by Anton Forsberg without a rebound.
4:04 of 3rd period - Pierre-Luc Dubois wins face-off versus Morgan Frost in Hartford Whalers zone.
4:09 of 3rd period - Wrist shot by Pierre-Luc Dubois.
4:09 of 3rd period - Stopped by Anton Forsberg without a rebound.
4:10 of 3rd period - Morgan Frost wins face-off versus Pierre-Luc Dubois in Hartford Whalers zone.
4:24 of 3rd period - Wrist shot by Ivan Barbashev.
4:24 of 3rd period - Stopped by Anton Forsberg with a rebound.
5:03 of 3rd period - Backhand shot by Tyler Myers.
5:03 of 3rd period - Goal by Tyler Myers - San Jose Sharks : 1 - Hartford Whalers : 3.
5:04 of 3rd period - Nick Suzuki wins face-off versus Pierre-Luc Dubois in neutral zone.
5:15 of 3rd period - Wrist shot by Ivan Barbashev.
5:15 of 3rd period - Stopped by Anton Forsberg without a rebound.
5:16 of 3rd period - Nick Suzuki wins face-off versus Adam Henrique in Hartford Whalers zone.
5:31 of 3rd period - Slapshot by Rickard Rakell.
5:31 of 3rd period - Stopped by Anton Forsberg with a rebound.
5:43 of 3rd period - T.J. Oshie is hit by Ivan Barbashev and loses puck.
6:14 of 3rd period - Snap shot by Jonathan Drouin.
6:14 of 3rd period - Stopped by Anton Forsberg with a rebound.
7:28 of 3rd period - Slapshot by Luke Kunin.
7:28 of 3rd period - Shot Misses the Net.
7:50 of 3rd period - Ryan McDonagh is hit by Connor Murphy and loses puck.
8:19 of 3rd period - Snap shot by Barrett Hayton.
8:19 of 3rd period - Deflect By Rickard Rakell.
8:19 of 3rd period - Shot Misses the Net.
8:19 of 3rd period - Puck is out of play.
8:20 of 3rd period - Adam Henrique wins face-off versus Morgan Frost in Hartford Whalers zone.
8:23 of 3rd period - Wrist shot by Rickard Rakell.
8:23 of 3rd period - Stopped by Anton Forsberg without a rebound.
8:24 of 3rd period - Morgan Frost wins face-off versus Adam Henrique in Hartford Whalers zone.
8:33 of 3rd period - Wrist shot by Morgan Frost.
8:33 of 3rd period - Deflect By Jaden Schwartz.
8:33 of 3rd period - Stopped by Tristan Jarry with a rebound.
8:35 of 3rd period - Snap shot by Jaden Schwartz.
8:35 of 3rd period - Stopped by Tristan Jarry with a rebound.
8:37 of 3rd period - Slapshot by Tom Wilson.
8:37 of 3rd period - Stopped by Tristan Jarry with a rebound.
8:48 of 3rd period - Off-side.
8:49 of 3rd period - Nick Suzuki wins face-off versus Pierre-Luc Dubois in neutral zone.
8:54 of 3rd period - Wrist shot by Matt Duchene.
8:54 of 3rd period - Stopped by Tristan Jarry with a rebound.
9:14 of 3rd period - Pierre-Luc Dubois is hit by Nick Suzuki.
9:24 of 3rd period - Snap shot by Matt Duchene.
9:24 of 3rd period - Stopped by Tristan Jarry with a rebound.
9:40 of 3rd period - Snap shot by Pierre-Luc Dubois.
9:40 of 3rd period - Shot Misses the Net.
9:50 of 3rd period - Snap shot by Anthony Cirelli.
9:50 of 3rd period - Deflect By Nick Suzuki.
9:50 of 3rd period - Stopped by Tristan Jarry with a rebound.
9:52 of 3rd period - Wrist shot by Anthony Cirelli.
9:52 of 3rd period - Shot Misses the Net.
10:46 of 3rd period - Snap shot by Nick Suzuki.
10:46 of 3rd period - Deflect By Anthony Cirelli.
10:46 of 3rd period - Stopped by Tristan Jarry with a rebound.
10:56 of 3rd period - Slapshot by Matt Duchene.
10:56 of 3rd period - Shot Blocked by Christopher Tanev.
11:02 of 3rd period - Wrist shot by Nick Suzuki.
11:02 of 3rd period - Shot Misses the Net.
11:12 of 3rd period - Snap shot by Matt Duchene.
11:12 of 3rd period - Shot Blocked by Christopher Tanev.
11:40 of 3rd period - Snap shot by Pierre-Luc Dubois.
11:40 of 3rd period - Shot Misses the Net.
12:06 of 3rd period - Snap shot by Ivan Barbashev.
12:06 of 3rd period - Stopped by Anton Forsberg with a rebound.
12:20 of 3rd period - Wrist shot by Nick Suzuki.
12:20 of 3rd period - Shot Misses the Net.
12:54 of 3rd period - Slapshot by Nick Suzuki.
12:54 of 3rd period - Deflect By Matt Duchene.
12:54 of 3rd period - Stopped by Tristan Jarry without a rebound.
12:55 of 3rd period - Christian Dvorak wins face-off versus Morgan Frost in San Jose Sharks zone.
13:11 of 3rd period - Off-side.
13:12 of 3rd period - Morgan Frost wins face-off versus Adam Henrique in neutral zone.
13:24 of 3rd period - Wrist shot by Adam Henrique.
13:24 of 3rd period - Shot Misses the Net.
13:38 of 3rd period - Morgan Frost is hit by Connor Murphy.
14:33 of 3rd period - Samuel Girard is hit by Barrett Hayton and loses puck.
14:50 of 3rd period - Erik Cernak is hit by Josh Anderson.
15:31 of 3rd period - Ryan Suter is hit by Sean Durzi and loses puck.
16:23 of 3rd period - Minor Penalty to Sean Durzi for Interference.
16:24 of 3rd period - Rickard Rakell wins face-off versus Miles Wood in San Jose Sharks zone.
17:34 of 3rd period - Christopher Tanev is hit by Ryan McDonagh and loses puck.
18:09 of 3rd period - Charlie McAvoy is hit by Barrett Hayton and loses puck.
18:23 of 3rd period - Penalty to Sean Durzi is over, Sean Durzi is back on ice.
Goals for this period are 0 for San Jose Sharks vs 1 for Hartford Whalers.
Shots for this period are 9 for San Jose Sharks vs 11 for Hartford Whalers.
Back to the Top